 Dungeon Crawl Stone Soup version 0.26-a0-215-g1b87330c0f (webtiles) character file.

Game seed: 18201289916462787175

3768 Gargoyl the Schismatic (level 9, 44/66 HPs)
             Began as a Centaur Abyssal Knight on July 6, 2020.
             Was an Elder of Lugonu.
             Starved to death
             ... on level 8 of the Dungeon.
             The game lasted 00:15:54 (12256 turns).

Gargoyl the Schismatic (Centaur Abyssal Knight)    Turns: 12256, Time: 00:15:54

Health: 44/66      AC: 14    Str: 17    XL:     9   Next: 94%
Magic:  14/14      EV:  4    Int: 11    God:    Lugonu [****..]
Gold:   484        SH:  4    Dex: 10    Spells: 8/8 levels left

rFire    . . .     SeeInvis .   a - +2 hand axe
rCold    . . .     Faith    .   i - +0 buckler
rNeg     . . .     Spirit   .   q - +0 plate armour
rPois    .         Reflect  .   (helmet restricted)
rElec    .         Harm     .   h - +2 cloak
rCorr    .                      (no gloves)
MR       .....                  (no barding)
Stlth    ..........             (no amulet)
HPRegen  0.21/turn              (no ring)
MPRegen  0.14/turn              (no ring)

@: fainting, very quick
A: large, hooves 3, horns 1, deformed body, speed 2, frail 1, tough skin 3
a: Depart the Abyss, Bend Space, Banish, Corrupt, Renounce Religion


You were on level 8 of the Dungeon.
You worshipped Lugonu.
Lugonu was greatly pleased with you.
You were fainting.

You visited 2 branches of the dungeon, and saw 9 of its levels.
You visited the Abyss 1 time.
You also visited: Sewer.

You collected 484 gold pieces.

Inventory:

Hand Weapons
 a - a +2 hand axe (weapon)
Missiles
 w - 2 boomerangs of dispersal (quivered)
Armour
 h - a +2 cloak (worn)
 i - a +0 buckler (worn)
 l - a +2 helmet
 q - a +0 plate armour (worn)
Wands
 f - a wand of digging (6)
 u - a wand of paralysis (8)
 x - a wand of acid (10)
Scrolls
 c - a scroll of remove curse
 m - 10 scrolls of identify
 n - a scroll of enchant armour
 o - 3 scrolls of teleportation
 r - a scroll of fog
 y - a scroll of silence
Potions
 b - 6 potions of flight
 d - a potion of berserk rage
 e - 4 potions of curing
 g - 3 potions of brilliance
 j - 3 potions of heal wounds {unknown}
 k - 2 potions of might {unknown}
 p - a potion of magic {unknown}
 s - a potion of lignification {unknown}
 t - 2 potions of degeneration {unknown}
 v - a potion of invisibility


   Skills:
 + Level 5.6 Fighting
 + Level 6.5 Axes
 + Level 1.2 Throwing
 * Level 6.6 Armour
 + Level 1.8 Dodging
 * Level 3.2 Shields
 * Level 6.7 Invocations


You had 8 spell levels left.
You didn't know any spells.
Your spell library contained the following spells:

 Spells                   Type           Power        Failure   Level
 Summon Butterflies       Summ           #.......     100%        1
 Call Canine Familiar     Summ           #.......     100%        3
 Confusing Touch          Hex            #.......     100%        3
 Gell's Gravitas          Tloc           #.........   100%        3
 Petrify                  Tmut/Erth      #.......     100%        4
 Summon Ice Beast         Ice/Summ       #.......     100%        4
 Metabolic Englaciation   Hex/Ice        #.........   100%        5
 Summon Mana Viper        Hex/Summ       #.......     100%        5
 Yara's Violent Unravell  Hex/Tmut       #.........   100%        5
 Summon Hydra             Summ           #.........   100%        7


Dungeon Overview and Level Annotations

Branches:
Dungeon (8/15)             Temple (1/1) D:6           Sewer (visited)
   Lair: D:8-11

Altars:
Ashenzari
Cheibriados
Dithmenos
Gozag
Qazlal
Uskayaw
Vehumet
Xom
Yredelemnul
Zin
The Shining One


Innate Abilities, Weirdness & Mutations

You have hooves in place of feet.
Armour fits poorly on your strangely shaped body.
You cover ground very quickly.
You have extremely tough skin. (AC +3)
You have a pair of small horns on your head.
You are frail. (-10% HP)


Message History

Your headbutt misses the big kobold.
The big kobold is heavily wounded.
You hit the hungry ghost but do no damage.
The big kobold hits you but does no damage.
The hungry ghost hits you.
You feel slightly more hungry.
You hit the big kobold but do no damage.
Your headbutt misses the big kobold.
The big kobold is heavily wounded.
You miss the hungry ghost. You block the big kobold's attack.
The hungry ghost hits you.
You feel slightly more hungry.
Unknown command.
You closely miss the big kobold. You headbutt the big kobold.
The big kobold is severely wounded.
You hit the hungry ghost but do no damage.
You block the big kobold's attack. The hungry ghost hits you.
You hit the big kobold. Your kick misses the big kobold.
The big kobold is almost dead.
Your plate armour prevents you from hitting the hungry ghost.
You have starved to death.
You die...

...# ..# ..## ...#
####### ...#####
#.)...# .......##
#.....# # ........#
#.....# ####
.#.##(.....########
#.....####... ##.#
###..KKhKK@.#
#.....#....## ##.#
##)#####W#
#.....#.#### #.<#
#.# #.......# #.##
#.###†.....## #.
#...W.##.........
..
#..)(###.####....
.# #.##........ ...
. #.####..#### .. #
..# ...## .


You could see a hungry ghost, a black bear, a big kobold and 3 kobolds.

Vanquished Creatures
  Pikel (D:4)
  Grinder (D:6)
  Sigmund (D:4)
  A hungry ghost (D:6)
  A steam dragon (D:6)
  3 sky beasts
  5 ogres
  A phantom (D:5)
  A centaur (D:8)
  A big kobold (D:8)
  4 bullfrogs
  4 scorpions
  An electric eel (D:6)
  2 howler monkeys (D:7)
  A bullfrog zombie (D:7)
  A centaur zombie (D:5)
  A bullfrog skeleton (D:6)
  3 orc priests
  2 hounds
  2 jellies
  2 centaur skeletons
  An iguana (D:7)
  3 orc wizards
  5 worker ants
  A merfolk avatar (Sewer)
  A merfolk siren (Sewer)
  A hound zombie (D:5)
  Robin (D:2)
  11 adders
  A river rat (D:3)
  3 shadow imps
  4 white imps
  An ufetubus (D:5)
  5 oozes
  2 adder skeletons (D:5)
  7 worms
  6 leopard geckos
  19 orcs
  4 giant cockroaches
  19 goblins
  11 hobgoblins
  5 quokkas
  6 ball pythons
  9 bats
  12 frilled lizards
  8 kobolds
  2 leopard gecko skeletons
  A quokka skeleton (D:5)
  42 rats
230 creatures vanquished.

Vanquished Creatures (others)
  A hungry ghost (D:7)
  An orc warrior (D:6)
  An electric eel (D:6)
3 creatures vanquished.

Grand Total: 233 creatures vanquished

Notes
Turn   | Place    | Note
-------+----------+-------------------------------------------
     0 | Abyss:1  | Gargoyl the Centaur Abyssal Knight began the quest for the
                  | Orb.
     0 | Abyss:1  | Reached XP level 1. HP: 19/19 MP: 2/2
    32 | Abyss:2  | Noticed a shadow demon
    34 | Abyss:2  | Noticed an ancient zyme
    34 | Abyss:2  | Noticed an ancient zyme
    35 | Abyss:2  | Noticed a chaos spawn
    37 | D:1      | Escaped the Abyss
   401 | D:1      | Reached XP level 2. HP: 26/26 MP: 3/3
   607 | D:1      | Reached skill level 1 in Dodging
   670 | D:1      | Reached * piety under Lugonu
  1009 | D:1      | Reached XP level 3. HP: 31/31 MP: 4/4
  1596 | D:2      | Reached XP level 4. HP: 14/38 MP: 5/5
  1813 | D:2      | Noticed Robin
  1826 | D:2      | Reached ** piety under Lugonu
  1837 | D:2      | Killed Robin
  2570 | D:3      | Reached XP level 5. HP: 29/46 MP: 7/7
  2598 | D:3      | HP: 1/46 [something/puff of flame (14)]
  3058 | D:3      | Found a glowing drain.
  3066 | D:3      | Reached *** piety under Lugonu
  3107 | Sewer    | Entered a sewer
  3424 | Sewer    | Reached **** piety under Lugonu
  3467 | Sewer    | Reached XP level 6. HP: 48/52 MP: 8/8
  4120 | D:4      | Noticed Sigmund
  4159 | D:4      | Gained mutation: You are frail. (-10% HP) [potion of
                  | mutation]
  4159 | D:4      | Gained mutation: You have a pair of small horns on your
                  | head. [potion of mutation]
  4160 | D:4      | Killed Sigmund
  4368 | D:4      | Found a stormy altar of Qazlal.
  4591 | D:4      | Reached XP level 7. HP: 53/53 MP: 9/9
  5314 | D:4      | Found a glowing golden altar of the Shining One.
  5317 | D:4      | Found a basalt altar of Yredelemnul.
  5319 | D:4      | Noticed a profane servitor
  5482 | D:4      | Noticed an angel
  5689 | D:5      | Entered Level 5 of the Dungeon
  5699 | D:5      | Reached skill level 1 in Shields
  6662 | D:5      | Reached XP level 8. HP: 51/59 MP: 11/11
  7444 | D:5      | Reached skill level 5 in Axes
  7833 | D:6      | Found an opulent altar of Gozag.
  7836 | D:6      | Reached skill level 5 in Invocations
  7837 | D:6      | Found a radiant altar of Vehumet.
  7837 | D:6      | Found a shattered altar of Ashenzari.
  7839 | D:6      | Found a glowing silver altar of Zin.
  7839 | D:6      | Found a snail-covered altar of Cheibriados.
  8386 | D:6      | Noticed Grinder
  8388 | D:6      | Noticed Pikel
  8389 | D:6      | Found a staircase to the Ecumenical Temple.
  8403 | D:6      | Paralysed by Grinder for 4 turns
  8888 | D:4      | Killed Pikel
  8888 | D:4      | Reached skill level 5 in Armour
  8888 | D:4      | Reached XP level 9. HP: 41/65 MP: 13/13
  9109 | D:6      | Killed Grinder
  9109 | D:6      | Reached skill level 5 in Fighting
  9339 | D:6      | HP: 3/66 [orc warrior/+0 long sword (8)]
  9348 | Temple   | Entered the Ecumenical Temple
 10342 | D:6      | Reached skill level 1 in Throwing
 11930 | D:7      | Found a shimmering altar of Xom.
 12256 | D:8      | Starved to death

Illustrated notes

Levels and vault maps discovered:
D:1:      matt_arrival_grand_opening, layout_loops_corners
D:2:      layout_loops_ring, first_ration, uniq_robin
D:3:      layout_loops_ring, portal_sewer_entry_b
D:4:      layout_layer_cave, grunt_temple_overflow_holy_war, lemuel_round_altar,
          kennysheep_decorative_pillar, uniq_sigmund
D:5:      kennysheep_six_static_rooms, layout_cave_pools
D:6:      layout_rooms, grunt_temple_overflow_open,
          minmay_temple_entry_proselytizer, kennysheep_cross_room, uniq_grinder,
          uniq_pikel
D:7:      layout_basic, lemuel_crystal_altar
D:8:      layout_rooms, nicolae_overflow_crystal_walls, gammafunk_ghost_split,
          uniq_maurice
Temple:   hc_temple_tempest_star

Skill      XL: |  1  2  3  4  5  6  7  8  9 |
---------------+----------------------------+-----
Dodging        | 1 |  1.8
Axes           | 2 3 4 5 6 |  6.5
Armour         | 2 3 4 5 6 |  6.6
Invocations    | 3 4 5 6 |  6.7
Fighting       | 4 5 |  5.6
Shields        | 1 2 3 |  3.2
Throwing       | 1 |  1.2

Action                   |  1- 3 |  4- 6 |  7- 9 || total
-------------------------+-------+-------+-------++-------
Melee: Hand axe          |   130 |   314 |   426 ||   870
       Kick              |    20 |    59 |   103 ||   182
       Headbutt          |       |     2 |    69 ||    71
Throw: Boomerang         |       |       |     6 ||     6
Invok: Depart the Abyss  |     1 |       |       ||     1
       Bend Space        |       |       |     1 ||     1
       Banish            |       |       |     3 ||     3
  Use: Scroll            |     3 |     4 |    11 ||    18
       Potion            |       |     3 |     5 ||     8
 Stab: Invisible         |       |       |     1 ||     1
  Eat: Ration            |     1 |     2 |    11 ||    14
Armor: Chain mail        |    96 |   208 |     4 ||   308
       Plate armour      |       |       |   323 ||   323
Dodge: Dodged            |    43 |    44 |    73 ||   160
Block: Buckler           |       |    15 |    56 ||    71

Table legend:
 A = Non-vault XP
 B = Vault XP
 C = Vault XP percentage of total XP
 D = Non-vault monster count
 E = Vault monster count
 F = Vault count percentage of total count
                 A         B        C        D         E       F
            +---------+---------+-------+---------+---------+-------
      Total |    3770 |    1614 |  30.0 |     163 |      70 |  30.0
            +---------+---------+-------+---------+---------+-------
        D:1 |      57 |       0 |   0.0 |      30 |       0 |   0.0
        D:2 |      84 |      36 |  30.0 |      22 |      12 |  35.3
        D:3 |     148 |      23 |  13.5 |      27 |       6 |  18.2
        D:4 |     222 |     816 |  78.6 |       9 |       2 |  18.2
        D:5 |     784 |     268 |  25.5 |      21 |       6 |  22.2
        D:6 |    1197 |     327 |  21.5 |      32 |       2 |   5.9
        D:7 |     892 |       0 |   0.0 |      15 |       0 |   0.0
        D:8 |     386 |       0 |   0.0 |       7 |       0 |   0.0
      Sewer |       0 |     144 | 100.0 |       0 |      42 | 100.0
            +---------+---------+-------+---------+---------+-------
